 Dungeon Sprint DCSS version 0.30-a0-800-g7c544603b3 (webtiles) character file.

Game seed: 9686098425281619908

11600000 BigDaddyOpFi the Intangible (level 27, -8/228 HPs)
             Began as a Djinni Warper on Feb 22, 2023.
             Was the Champion of Makhleb.
             Killed from afar by a dread (41 damage)
             ... with damnation
             ... in the Dungeon (Sprint VIII: "Arena of Blood") on Feb 23, 2023.
             The game lasted 00:03:57 (116 turns).

BigDaddyOpFi the Intangible (Djinni Warper)          Turns: 116, Time: 00:03:57

Health: -8/228     AC:  6    Str: 10    XL:     27
Gold:   0          EV: 37    Int: 16    God:    Makhleb [******] SH:  0 Dex: 26

rFire   + + .      SeeInvis .    h - +∞ Axe of Woe
rCold   x . .      Faith    .    (shield currently unavailable)
rNeg    . . .      Spirit   .    a - +0 leather armour
rPois   ∞          Reflect  .    (no helmet)
rElec   .          Harm     .    (no cloak)
rCorr   .          Rampage  .    (no gloves)
Will    ++...      NoTele   +    (boots unavailable)
Stlth   ++++++++++               (no amulet)
HPRegen 0.58/turn                (no ring)
MPRegen 0.00/turn                (no ring)

@: calling dragons, flying
A: sickness immunity, fire resistance 2, cold vulnerability 1, float, innate
caster, HP casting, extra vitality 1
a: Renounce Religion, Minor Destruction, Lesser Servant of Makhleb, Major
Destruction, Greater Servant of Makhleb


You were in the Dungeon.
You worshipped Makhleb.
Makhleb was exalted by your worship.
You visited 1 branch

Inventory:

Hand Weapons
 h - the +∞ Axe of Woe (weapon)
   (You found it in the Dungeon)
Missiles
 c - 7 boomerangs of dispersal (quivered)
Armour
 a - a +0 leather armour (worn)
Scrolls
 b - a scroll of blinking
Potions
 d - a potion of curing
 e - a potion of heal wounds
 f - a potion of haste
 g - a potion of berserk rage


   Skills:
 O Level 27 Fighting
 O Level 27 Short Blades
 O Level 27 Long Blades
 O Level 27 Axes
 O Level 27 Maces & Flails
 O Level 27 Polearms
 O Level 27 Staves
 O Level 27 Ranged Weapons
 O Level 27 Throwing
 O Level 27 Armour
 O Level 27 Dodging
 O Level 27 Stealth
 O Level 27 Shields
 O Level 27 Unarmed Combat
 O Level 27 Spellcasting
 O Level 27 Invocations
 O Level 27 Evocations


You knew the following spells:

 Your Spells              Type           Power      Damage    Failure   Level
a - Blink                 Tloc           100%       N/A       0%          2
b - Lesser Beckoning      Tloc           100%       N/A       0%          2
c - Vhi's Electric Charg  Tloc/Air       100%       N/A       0%          3
d - Teleport Other        Tloc           82%        N/A       0%          3
e - Manifold Assault      Tloc           82%        N/A       0%          4
f - Necrotise             Necr           100%       1d9       0%          1
g - Ensorcelled Hibernat  Hex/Ice        100%       N/A       0%          2
h - Stone Arrow           Conj/Erth      100%       3d13      0%          3
i - Flame Wave            Conj/Fire      82%        2d18      0%          4
j - Animate Armour        Summ/Erth      100%       N/A       0%          4
k - Freezing Cloud        Conj/Ice/Air   41%        6-21      0%          5
l - Death Channel         Necr           41%        N/A       0%          6
m - Summon Cactus Giant   Summ           41%        N/A       0%          6
n - Spellforged Servitor  Conj/Summ      41%        N/A       1%          7
o - Borgnjor's Revivific  Necr           41%        N/A       1%          8
p - Haunt                 Necr/Summ      41%        N/A       1%          7
q - Chain Lightning       Conj/Air       41%        3d54      2%          9
r - Dragon's Call         Summ           41%        N/A       2%          9
Your spell library was empty.

Dungeon Overview and Level Annotations

Branches:
Dungeon (1/1)

Altars:
Makhleb


Innate Abilities, Weirdness & Mutations

You are immune to sickness and miasma.
You are immune to poison.
Your flesh is very heat resistant. (rF++)
You are vulnerable to cold. (rC-)
You float through the air rather than walking.
You learn spells naturally, not from books.
Your magical power is your life essence.
You have superior vitality. (+4 MHP)


Message History

The dread throws damnation at you.
The sphere of damnation explodes!
The damnation engulfs you!!
Your ice dragon bites the sculptor of flesh.
Your ice dragon claws the sculptor of flesh!
Your ice dragon tramples the sculptor of flesh but does no damage.
The accursed casts a spell at you. Something smites you!
* * * LOW HITPOINT WARNING * * *
You feel something staring at you. Something smites you!
* * * LOW HITPOINT WARNING * * *
A bag of meat comes into view. It is wielding a +9 war axe.
Unknown command.
What are your orders? t - Shout!
Orders for allies: a - Attack new target. r - Retreat! s - Stop attacking. g - Guard the area. f - Follow me.
Anything else - Cancel.
Okay, then.
Unknown command.
Blink to where?
Press: ? - help, Dir - move target A dread, a scourge, an accursed, a bag of meat and 2 tyrants come into view.
As you read the scroll of blinking, it crumbles to dust.
A dragon arrives to answer your call!
* * * LOW HITPOINT WARNING * * *
The bag of meat shouts!
You hear a shout!
The tyrant shouts!
You hear a shout!
You hear a roar!
You hear a shout!
The tyrant casts a spell.
Send 'em back where they came from!
Your ice dragon disappears in a puff of smoke!
Your storm dragon disappears in a puff of smoke!
A scourge comes into view.
You feel something staring at you. Something smites you!
* * * LOW HITPOINT WARNING * * *
The dread throws damnation at you.
The sphere of damnation explodes!
The damnation engulfs you!!!
You die... #_.<§X# MO.oo

..#...°L#.o.zDS#L
.oo...D○§M.oo.§..W
......###☼OoOo.oV.#
.###D.....V###L.§..
#....§..#....... #.
.W.O.#.......
.oW.§§§.........
{{oWo..@...#
.o.........#....
........##... M
.......#. ..L#
....... . ##.
#...... .. .......
.. .#...S. ###


You could see 2 accurseds, 4 tyrants, an eight-headed meat hydra, 2 destroyers,
2 scourges, 4 dreads, 2 meat berserkers, 5 bags of meat and a friendly shadow
dragon (summoned, catching breath).

Vanquished Creatures
  3 great orbs of eyes (D)
  13 vampire knights (D)
  45 ogres (D)
  7 two-headed ogres (D)
  2 liches (D)
  2 hydras (D)
  6 phantoms (D)
  10 hell beasts (D)
  53 orcs (D)
  6 skeletal warriors (D)
  A sea snake (D)
  4 royal mummies (D)
  3 wraiths (D)
155 creatures vanquished.

Vanquished Creatures (collateral kills)
  2 orcs (D)
2 creatures vanquished.

Grand Total: 157 creatures vanquished

Notes
Turn   | Place    | Note
-------+----------+-------------------------------------------
     0 | D        | Found the +∞ Axe of Woe
     0 | D        | BigDaddyOpFi the Djinni Warper began the quest for the Orb.
     0 | D        | BigDaddyOpFi set off with the following spells memorised:
                  | Blink, Lesser Beckoning, Vhi's Electric Charge, Teleport
                  | Other, Manifold Assault.
     0 | D        | Reached XP level 1. HP: 18/18 MP: 0/0
     2 | D        | Noticed a bag of meat
     3 | D        | Noticed a bag of meat
     3 | D        | Noticed a bag of meat
     4 | D        | Became a worshipper of Makhleb the Destroyer
     4 | D        | Noticed a meat berserker
     4 | D        | Noticed a bag of meat
     6 | D        | Killed a bag of meat
     7 | D        | Reached skill level 10 in Dodging
     7 | D        | Reached XP level 2. HP: 34/34 MP: 0/0
     7 | D        | Reached XP level 3. HP: 39/39 MP: 0/0
     7 | D        | Learned a level 1 spell: Necrotise
     7 | D        | Reached XP level 4. HP: 45/45 MP: 0/0
     7 | D        | Reached XP level 5. HP: 50/50 MP: 0/0
     7 | D        | Learned a level 2 spell: Ensorcelled Hibernation
     7 | D        | Reached XP level 6. HP: 56/56 MP: 0/0
     7 | D        | Reached XP level 7. HP: 61/61 MP: 0/0
     7 | D        | Learned a level 3 spell: Stone Arrow
     7 | D        | Reached XP level 8. HP: 67/67 MP: 0/0
     7 | D        | Reached XP level 9. HP: 72/72 MP: 0/0
     7 | D        | Learned a level 4 spell: Flame Wave
     7 | D        | Reached XP level 10. HP: 78/78 MP: 0/0
     7 | D        | Reached XP level 11. HP: 84/84 MP: 0/0
     7 | D        | Learned a level 4 spell: Animate Armour
     7 | D        | Noticed a meat berserker
     8 | D        | Killed a bag of meat
     8 | D        | Reached * piety under Makhleb
     8 | D        | Killed a meat berserker
     9 | D        | Reached skill level 10 in Axes
     9 | D        | Reached skill level 10 in Throwing
     9 | D        | Reached XP level 12. HP: 95/95 MP: 0/0
     9 | D        | Reached XP level 13. HP: 101/101 MP: 0/0
     9 | D        | Learned a level 5 spell: Freezing Cloud
     9 | D        | Killed a bag of meat
    10 | D        | Reached skill level 10 in Spellcasting
    10 | D        | Reached XP level 14. HP: 79/108 MP: 0/0
    10 | D        | Killed a bag of meat
    10 | D        | Reached ** piety under Makhleb
    11 | D        | Killed a meat berserker
    12 | D        | Reached skill level 15 in Dodging
    12 | D        | Reached XP level 15. HP: 118/118 MP: 0/0
    12 | D        | Learned a level 6 spell: Death Channel
    12 | D        | Noticed a meat berserker
    13 | D        | Killed a meat berserker
    14 | D        | Reached skill level 15 in Fighting
    14 | D        | Reached skill level 15 in Armour
    14 | D        | Reached skill level 15 in Unarmed Combat
    14 | D        | Noticed a meat berserker
    15 | D        | Noticed a meat berserker
    16 | D        | Killed a meat berserker
    16 | D        | Reached *** piety under Makhleb
    17 | D        | Reached skill level 15 in Invocations
    17 | D        | Reached XP level 16. HP: 78/128 MP: 0/0
    18 | D        | Noticed a meat berserker
    18 | D        | Noticed a meat berserker
    18 | D        | Noticed a destroyer
    19 | D        | Killed a meat berserker
    19 | D        | Killed a destroyer
    19 | D        | Reached **** piety under Makhleb
    19 | D        | Noticed a meat berserker
    20 | D        | Reached skill level 15 in Axes
    20 | D        | Reached skill level 15 in Throwing
    20 | D        | Reached XP level 17. HP: 133/138 MP: 0/0
    20 | D        | Learned a level 6 spell: Summon Cactus Giant
    23 | D        | Noticed a large bag of meat
    24 | D        | Noticed a destroyer
    26 | D        | Noticed a meat berserker
    26 | D        | Noticed a meat berserker
    27 | D        | Killed a meat berserker
    28 | D        | Reached skill level 15 in Spellcasting
    28 | D        | Reached XP level 18. HP: 148/148 MP: 0/0
    28 | D        | Noticed a meat berserker
    28 | D        | Reached ***** piety under Makhleb
    29 | D        | Killed a meat berserker
    29 | D        | Noticed a meat berserker
    30 | D        | Noticed a meat berserker
    30 | D        | Noticed a destroyer
    31 | D        | Noticed a large bag of meat
    32 | D        | Noticed a meat berserker
    32 | D        | Killed a large bag of meat
    32 | D        | Noticed a destroyer
    32 | D        | Noticed a sculptor of flesh
    33 | D        | Killed a destroyer
    34 | D        | Reached XP level 19. HP: 158/158 MP: 0/0
    34 | D        | Learned a level 7 spell: Spellforged Servitor
    34 | D        | Killed a meat berserker
    34 | D        | Killed a destroyer
    35 | D        | Killed a meat berserker
    36 | D        | Reached XP level 20. HP: 169/169 MP: 0/0
    36 | D        | Reached ****** piety under Makhleb
    36 | D        | Killed a meat berserker
    37 | D        | Noticed a destroyer
    38 | D        | Noticed a meat berserker
    38 | D        | Noticed a large bag of meat
    39 | D        | Reached XP level 21. HP: 144/179 MP: 0/0
    39 | D        | Learned a level 8 spell: Borgnjor's Revivification
    39 | D        | Killed a meat berserker
    39 | D        | Killed a meat berserker
    39 | D        | Noticed a meat berserker
    40 | D        | Reached skill level 27 in Dodging
    40 | D        | Killed a destroyer
    41 | D        | Noticed an accursed
    41 | D        | Noticed a meat berserker
    41 | D        | Noticed a destroyer
    41 | D        | Noticed a meat berserker
    42 | D        | Noticed a meat berserker
    42 | D        | Noticed a meat berserker
    43 | D        | Reached XP level 22. HP: 191/191 MP: 0/0
    43 | D        | Noticed a destroyer
    43 | D        | Killed a destroyer
    43 | D        | Noticed a meat berserker
    43 | D        | Noticed a destroyer
    44 | D        | Killed a meat berserker
    44 | D        | Killed a destroyer
    45 | D        | Reached skill level 27 in Fighting
    45 | D        | Reached skill level 27 in Armour
    45 | D        | Reached skill level 27 in Unarmed Combat
    45 | D        | Reached skill level 27 in Invocations
    45 | D        | Killed a large bag of meat
    45 | D        | Killed a meat berserker
    45 | D        | Killed a meat berserker
    45 | D        | Killed a meat berserker
    45 | D        | Killed a destroyer
    45 | D        | Noticed a large bag of meat
    46 | D        | Reached skill level 27 in Axes
    46 | D        | Reached skill level 27 in Throwing
    46 | D        | Reached skill level 27 in Stealth
    46 | D        | Reached skill level 27 in Spellcasting
    46 | D        | Reached skill level 5 in Maces & Flails
    46 | D        | Reached skill level 5 in Polearms
    46 | D        | Reached XP level 23. HP: 172/201 MP: 0/0
    46 | D        | Learned a level 7 spell: Haunt
    47 | D        | Reached XP level 24. HP: 204/208 MP: 0/0
    49 | D        | Reached skill level 15 in Maces & Flails
    49 | D        | Reached skill level 15 in Polearms
    51 | D        | Killed a large bag of meat
    51 | D        | Noticed a large bag of meat
    52 | D        | Killed a destroyer
    54 | D        | Reached XP level 25. HP: 203/214 MP: 0/0
    54 | D        | Learned a level 9 spell: Chain Lightning
    62 | D        | Killed a large bag of meat
    62 | D        | Noticed a tyrant
    63 | D        | Reached skill level 27 in Maces & Flails
    63 | D        | Reached skill level 27 in Polearms
    65 | D        | Reached XP level 26. HP: 221/221 MP: 0/0
    65 | D        | Noticed a meat beast
    67 | D        | Reached skill level 27 in Staves
    67 | D        | Reached skill level 5 in Short Blades
    67 | D        | Reached skill level 5 in Long Blades
    67 | D        | Reached skill level 5 in Ranged Weapons
    67 | D        | Noticed an accursed
    69 | D        | Reached skill level 10 in Shields
    69 | D        | Reached skill level 10 in Evocations
    70 | D        | Killed a large bag of meat
    71 | D        | Reached skill level 15 in Shields
    71 | D        | Reached skill level 15 in Evocations
    71 | D        | Reached XP level 27. HP: 215/228 MP: 0/0
    71 | D        | Learned a level 9 spell: Dragon's Call
    71 | D        | Killed a meat beast
    73 | D        | Noticed a meat beast
    74 | D        | Noticed a dread
    76 | D        | Killed a meat beast
    77 | D        | Reached skill level 27 in Shields
    77 | D        | Reached skill level 27 in Evocations
    79 | D        | Killed a dread
    79 | D        | Killed an accursed
    80 | D        | Reached skill level 27 in Short Blades
    80 | D        | Reached skill level 27 in Long Blades
    80 | D        | Reached skill level 27 in Ranged Weapons
    91 | D        | Noticed a large bag of meat
    92 | D        | Noticed a destroyer
    92 | D        | Noticed a meat beast
    92 | D        | Noticed a meat beast
    95 | D        | Killed a tyrant
    96 | D        | Noticed a meat beast
    97 | D        | Killed a meat beast
    97 | D        | Noticed a dread
    97 | D        | Noticed a tyrant
    97 | D        | Noticed an accursed
    98 | D        | Killed a destroyer
    98 | D        | Noticed a dread
    98 | D        | Noticed a large bag of meat
    98 | D        | Noticed a dread
    98 | D        | Noticed an accursed
   100 | D        | Killed a meat beast
   100 | D        | Noticed a destroyer
   100 | D        | Noticed a tyrant
   101 | D        | Killed a large bag of meat
   103 | D        | Noticed a meat beast
   103 | D        | Killed a dread
   104 | D        | Killed a meat beast
   105 | D        | Killed a dread
   105 | D        | Noticed a tyrant
   105 | D        | Noticed a meat beast
   106 | D        | Noticed a destroyer
   106 | D        | Killed a meat beast
   107 | D        | Noticed a large bag of meat
   107 | D        | Noticed an accursed
   108 | D        | Noticed a large bag of meat
   108 | D        | Killed a destroyer
   108 | D        | Killed a destroyer
   108 | D        | Noticed an accursed
   108 | D        | Noticed a meat beast
   108 | D        | Noticed a destroyer
   108 | D        | Noticed a destroyer
   108 | D        | Noticed a destroyer
   108 | D        | Noticed a destroyer
   109 | D        | Killed a meat beast
   109 | D        | Killed an accursed
   110 | D        | Noticed a destroyer
   110 | D        | Noticed a meat beast
   111 | D        | Noticed a meat beast
   111 | D        | Noticed a dread
   112 | D        | Killed an accursed
   112 | D        | Killed a large bag of meat
   112 | D        | Noticed a meat beast
   112 | D        | Noticed a destroyer
   112 | D        | Noticed a tyrant
   113 | D        | Killed a tyrant
   113 | D        | Noticed a tyrant
   114 | D        | Killed an accursed
   114 | D        | Killed a destroyer
   114 | D        | Killed a meat beast
   114 | D        | Noticed a dread
   114 | D        | Noticed an accursed
   115 | D        | Noticed a dread
   115 | D        | Killed a meat beast
   115 | D        | Killed a meat beast
   115 | D        | Killed a destroyer
   116 | D        | Noticed a dread
   116 | D        | Noticed a tyrant
   116 | D        | Noticed an accursed
   116 | D        | Noticed a tyrant
   116 | D        | Killed from afar by a dread

Illustrated notes

Levels and vault maps discovered:
D:        meatsprint

Skill      XL: |  1  2  3  4  5  6  7  8  9 10 11 12 13 14 15 16 17 18 19 20 21 22 23 24 25 26 27 |
---------------+----------------------------------------------------------------------------------+-----
Fighting       | 9 12 14 15 18 19 21 22 24 25 27 | 27.0
Axes           | 7 10 12 13 15 16 17 19 20 22 27 | 27.0
Throwing       | 7 10 12 13 15 16 17 19 20 22 27 | 27.0
Armour         | 8 12 14 15 18 20 22 24 25 27 | 27.0
Dodging        | 10 13 15 17 19 20 22 24 26 27 | 27.0
Stealth        | 8 11 13 14 16 17 19 21 22 24 27 | 27.0
Unarmed Combat | 9 12 14 15 18 19 21 22 24 25 27 | 27.0
Spellcasting   | 7 9 10 11 12 14 15 16 18 19 20 27 | 27.0
Invocations    | 8 11 12 14 15 17 18 20 22 24 25 27 | 27.0
Maces & Flails | 5 13 22 27 | 27.0
Polearms       | 5 13 22 27 | 27.0
Staves         | 23 27 | 27.0
Short Blades   | 14 27 | 27.0
Long Blades    | 14 27 | 27.0
Ranged Weapons | 13 27 | 27.0
Shields        | 15 27 | 27.0
Evocations     | 15 27 | 27.0

Action                     |  1- 3 |  4- 6 |  7- 9 | 10-12 | 13-15 | 16-18 | 19-21 | 22-24 | 25-27 || total
---------------------------+-------+-------+-------+-------+-------+-------+-------+-------+-------++-------
  Melee: Executioner's axe |     1 |       |       |     1 |     5 |     8 |     8 |     9 |    49 ||    81
   Cast: Death Channel     |       |       |       |       |     1 |       |       |       |       ||     1
         Dragon's Call     |       |       |       |       |       |       |       |       |     1 ||     1
    Use: Scroll            |       |       |       |       |       |       |       |       |     1 ||     1
 Armour: Leather armour    |       |       |       |       |       |       |       |       |     2 ||     2
  Dodge: Dodged            |       |       |       |       |       |       |     1 |       |    10 ||    11

Table legend: (Time is in decaauts)
 A = Elapsed time spent in this place.
 B = Non-inter-level travel time spent in this place.
 C = Inter-level travel time spent in this place.
 D = Time resting spent in this place.
 E = Time spent auto-exploring this place.
 F = Levels seen in this place.
 G = Mean time per level.
                   A        B        C        D        E       F      G
               +--------+--------+--------+--------+--------+-----+--------+
         Total |    101 |    101 |      0 |      0 |      0 |   1 |  101.0 |
       Dungeon |    101 |    101 |      0 |      0 |      0 |   1 |  101.0 |
               +--------+--------+--------+--------+--------+-----+--------+

Top non-repeatable levels by time:
       D: 101 daAuts
